[Event "*** Titled Tuesday Blitz"]
[Site "Chess.com"]
[Date "2021.04.20"]
[Round "6"]
[White "GMJustin"]
[Black "GrigoriyM2001"]
[Result "1/2-1/2"]
[WhiteElo "2310"]
[BlackElo "2558"]
[TimeControl "180+1"]
[EndTime "11:05:35 PDT"]
[Termination "Game drawn by repetition"]

1. e4 c6 2. d4 d5 3. e5 Bf5 4.
Bd3 Bxd3 5. Qxd3 e6 6. Ne2 Ne7 7.
c3 Nf5 8. Nd2 c5 9. Nf3 Nc6 10.
O-O Be7 11. g4 Nh4 12. Nxh4 Bxh4 13. f4 O-O 14. g5 Ne7 15. dxc5 Nf5 16. Nd4 Nxd4 17.
cxd4 h6 18. gxh6 gxh6 19. f5 Bg5 20. f6 Bxc1 21. Raxc1 Kh8 22. Kh1 Rg8 23. Rg1 Qa5 24. Qe3 Kh7 25. Qd3+ Kh8 26. a3 Qa4 27. b4 a6 28.
Rcf1 Qb5 29. Qe3 Kh7 30. Re1 Qc4 31. Rxg8 Rxg8 32. Rg1 Rg6 33. Rxg6 Kxg6 34. Qg3+ Kf5 35. Qf3+ Kg5 36. h4+ Kxh4 37. Qf4+ Kh5 38. Qf3+ Kg5 39. Qg3+ Kf5 40. Qf3+ Kg5 41. Qg3+ Kf5 42. Qf3+ Kg5 1/2-1/2

[Event "*** Titled Tuesday Blitz"]
[Site "Chess.com"]
[Date "2021.04.20"]
[Round "6"]
[White "AndreyNeves"]
[Black "Nara_Kh"]
[Result "1-0"]
[WhiteElo "2276"]
[BlackElo "2441"]
[TimeControl "180+1"]
[EndTime "11:05:37 PDT"]
[Termination "AndreyNeves won by resignation"]

1. d4 d6 2. c4 Nf6 3. Nf3 g6 4. g3 Bg7 5. Bg2 O-O 6. O-O Nc6 7. Nc3 a6 8. Bf4 Rb8 9. Nd5 e6 10. Nxf6+ Bxf6 11. e4 e5 12. dxe5 dxe5 13. Bh6 Re8 14.
Qxd8 Rxd8 15. Rad1 Bg4 16. h3 Bxf3 17. Bxf3 Nd4 18.
Bg2 b5 19. c5 b4 20. f4 Be7 21. fxe5 Bxc5 22. Kh1 Re8 23. Bf4 a5 24. h4 h5 25.
Bh3 a4 26. g4 b3 27. a3 hxg4 28. Bxg4 Ne6 29. Bxe6 Rxe6 30. Rd7 Rc6 31. Bg5 Bf8 32. Rfxf7 Rc2 33. e6 Rxb2 34. Bf6 Rb1+ 35. Kg2 b2 36. Rg7+ Bxg7 37. Rxg7+ Kf8 38. e7+ Ke8 39. Rg8+ Kf7 40. Rxb8 Kxf6 41. e8=Q Rc1 42. Qf8+ Ke5 43. Rxb2 Kxe4 44.
Re2+ Kd3 1-0

[Event "*** Titled Tuesday Blitz"]
[Site "Chess.com"]
[Date "2021.04.20"]
[Round "6"]
[White "Szparu"]
[Black "Vaathi_Coming"]
[Result "0-1"]
[WhiteElo "2683"]
[BlackElo "2908"]
[TimeControl "180+1"]
[EndTime "11:05:38 PDT"]
[Termination "Vaathi_Coming won by resignation"]

1. e4 e5 2. Nf3 Nc6 3. Bb5 a6 4. Ba4 Nf6 5. O-O b5 6. Bb3 Bc5 7. c3 d6 8. a4 Rb8 9. d4 Bb6 10. a5 Ba7 11. h3 Bb7 12. Re1 Ne7 13. Nbd2 Ng6 14. Bc2 O-O 15. Nf1 h6 16. Ng3 Re8 17. b3 Qd7 18. b4 Rbd8 19. Bb2 Qc8 20. Qe2 Nf4 21. Qf1 c5 22. bxc5 exd4 23. cxd4 dxc5 24. d5 N6h5 25. Nf5 c4 26. Bc3 Bc5 27. Rab1 Kh7 28. Kh2 g6 29. Ng3 Qc7 30. Red1 Bc8 31. Nd4 Bd7 32. e5 Rxe5 33. Nxh5 Rxh5 34. Kg1 Nxh3+ 35.
gxh3 Bxh3 36. Qe2 Rg5+ 37. Kh1 Bg2+ 38. Kg1 Bf3+ 39. Kf1 Bxe2+ 40. Nxe2 Qh2 0-1

[Event "*** Titled Tuesday Blitz"]
[Site "Chess.com"]
[Date "2021.04.20"]
[Round "6"]
[White "Igor_Lysyj"]
[Black "UCantHandleDenker"]
[Result "1-0"]
[WhiteElo "2788"]
[BlackElo "2605"]
[TimeControl "180+1"]
[EndTime "11:05:39 PDT"]
[Termination "Igor_Lysyj won by resignation"]

1. d4 d6 2. Nf3 Nf6 3. c4 Nbd7 4. Nc3 e5 5. e4 Be7 6. Be2 O-O 7. O-O c6 8. Be3 a6 9. d5 cxd5 10. cxd5 Ng4 11. Bd2 b5 12. b4 Nb6 13. h3 Nf6 14.
Qb3 Bd7 15. Be3 Qb8 16. Nd2 Rc8 17. Rfc1 h6 18. Nd1 Qb7 19. Nb2 Bd8 20. a3 Rxc1+ 21. Rxc1 Rc8 22. Qd1 Qb8 23. Bd3 Qb7 24. Nb3 Na4 25.
Nxa4 bxa4 26. Nd2 Bb5 27. Rxc8 Qxc8 28. Qc2 Qxc2 29. Bxc2 Nd7 30. Nb1 Nb6 31. Nc3 Nc4 32. Bc1 Bb6 33. Bxa4 Bxa4 34. Nxa4 Bd4 35. Kf1 g6 36.
Ke2 f5 37. Kd3 Nb6 38. Nxb6 Bxb6 39. f3 h5 40. a4 Kf7 41. a5 Ba7 42. Kc4 Ke8 43. b5 axb5+ 44. Kxb5 Kd8 45. Kc6 1-0

[Event "*** Titled Tuesday Blitz"]
[Site "Chess.com"]
[Date "2021.04.20"]
[Round "6"]
[White "azikom"]
[Black "kleopl"]
[Result "1/2-1/2"]
[WhiteElo "2644"]
[BlackElo "2502"]
[TimeControl "180+1"]
[EndTime "11:05:39 PDT"]
[Termination "Game drawn by repetition"]

1. d4 f5 2. c4 Nf6 3. Nc3 d6 4. Nf3 g6 5. g3 Bg7 6. Bg2 O-O 7. O-O Qe8 8. d5 Na6 9. Nd4 Nc5 10. b4 Nfe4 11.
Nxe4 Nxe4 12. Bb2 c5 13. dxc6 bxc6 14. Qc2 Rb8 15. a3 c5 16. Nb5 Bxb2 17. Qxb2 Be6 18. Qc2 Qf7 19. Rfc1 a6 20. Nc7 cxb4 21. Nxa6 b3 22. Qb2 Rb6 23. Nb4 Bxc4 24. e3 Be6 25. Rab1 Nc5 26. Qd4 Rfb8 27. h4 Qf6 28. Rc3 Na4 29. Rc7 Qxd4 30. exd4 Rxb4 31. axb4 Rxb4 32. d5 Bf7 33. Rxe7 Nc3 34. Rb2 Nd1 35. Rb1 Nc3 36. Rb2 Nd1 37. Rb1 Nc3 1/2-1/2

[Event "*** Titled Tuesday Blitz"]
[Site "Chess.com"]
[Date "2021.04.20"]
[Round "6"]
[White "elextranjero00"]
[Black "HrvojeZagreb"]
[Result "1-0"]
[WhiteElo "2577"]
[BlackElo "2287"]
[TimeControl "180+1"]
[EndTime "11:05:40 PDT"]
[Termination "elextranjero00 won by resignation"]

1. d4 e6 2. c4 f5 3. Nf3 Nf6 4. g3 Be7 5. Bg2 O-O 6. O-O d6 7. b3 Ne4 8. Bb2 Bf6 9. Nbd2 Nc6 10. Ne1 Nxd2 11. Qxd2 e5 12. Bd5+ Kh8 13. Bxc6 bxc6 14.
dxe5 dxe5 15. Qxd8 Rxd8 16. Nd3 Re8 17. f4 e4 18. Bxf6 exd3 19. Be5 dxe2 20. Rfe1 a5 21. Rxe2 a4 22. Bxg7+ Kxg7 23. Rxe8 axb3 24. Re3 bxa2 25. Re2 Ra4 26. Raxa2 Rxc4 27. Rac2 Ba6 28. Rxc4 Bxc4 29.
Re7+ Kg6 30. Rxc7 Bd5 31. Kf2 h6 32. Rd7 Be4 33. Rd6+ Kg7 34. Ke3 Bg2 35. Kd4 Be4 36. Ke5 h5 37. Rf6 Kh7 38. Rxf5 Bxf5 39. Kxf5 c5 40.
h3 c4 41. Ke4 Kg6 42. g4 h4 43. Kd4 c3 44. Kxc3 Kf6 45. Kd3 1-0

[Event "*** Titled Tuesday Blitz"]
[Site "Chess.com"]
[Date "2021.04.20"]
[Round "6"]
[White "KubaGepard"]
[Black "Rytenko_V"]
[Result "1-0"]
[WhiteElo "2413"]
[BlackElo "2341"]
[TimeControl "180+1"]
[EndTime "11:05:40 PDT"]
[Termination "KubaGepard won by resignation"]

1. d4 d5 2. Nf3 Nf6 3. Bf4 Bf5 4.
e3 e6 5. c3 Bd6 6. Bg3 Bxg3 7.
hxg3 Nbd7 8. Bd3 Bxd3 9. Qxd3 Qe7 10. Nbd2 e5 11. dxe5 Nxe5 12. Nxe5 Qxe5 13. Nf3 Qe4 14. Qxe4+ dxe4 15. Nd2 Ke7 16. O-O-O Rad8 17. Rh4 g5 18. Rh6 Ng4 19. Rh5 Nxf2 20. Rf1 Ng4 21. Rxg5 Nxe3 22. Re1 Nd5 23. Nxe4 Kf8 24. Rd1 c6 25. c4 h6 26.
Re5 f6 27. Nxf6 Kf7 28. Nxd5 cxd5 29. Rexd5 Rxd5 30. Rxd5 Ke6 31. Kd2 Rg8 32. Rd3 b6 33. b3 Ke5 34. Re3+ Kd4 35. Rf3 Rg6 36. Ke2 a6 37. Rd3+ Ke4 38. Re3+ Kd4 39. Kf2 b5 40. cxb5 axb5 41. Rf3 Ra6 42. Rf4+ Kc3 43. a4 bxa4 44.
bxa4 Rb6 45. g4 Kb3 46. Kg3 Kc3 47. Kh4 Kd3 48. g5 hxg5+ 49. Kxg5 Ke3 50. g4 Rc6 51.
Rb4 Rc5+ 52. Kf6 Kd3 53. g5 Kc3 54. Rh4 Rc6+ 55. Kg7 Rc7+ 56. Kh6 Kd3 57. g6 Ke3 58. g7 Rc6+ 59. Kh7 Rc7 60. Kh8 1-0

[Event "*** Titled Tuesday Blitz"]
[Site "Chess.com"]
[Date "2021.04.20"]
[Round "6"]
[White "Sychev_Klementy"]
[Black "nrvisakh"]
[Result "1-0"]
[WhiteElo "2913"]
[BlackElo "2789"]
[TimeControl "180+1"]
[EndTime "11:05:41 PDT"]
[Termination "Sychev_Klementy won by resignation"]

1. e4 c5 2. Nf3 g6 3. d4 cxd4 4. Nxd4 Bg7 5. Nc3 Nc6 6. Be3 Nf6 7. Nxc6 bxc6 8. e5 Nd5 9. Nxd5 cxd5 10. Qxd5 Rb8 11.
O-O-O O-O 12. Bxa7 Rb7 13. Be3 Qc7 14. Qc5 Qb8 15. Bd4 d6 16. exd6 exd6 17. Qc3 Bf5 18.
Bxg7 Rc8 19. Bc4 Rxc4 20. Qxc4 Rc7 21. Qxc7 Qxc7 22. Bc3 Qc6 23. Rhe1 Be6 24. f3 g5 25. Rd4 h6 26. a4 Kh7 27. Red1 Kg6 28. Kb1 d5 29. a5 Qb5 30. b3 Qe2 31. R1d2 Qf1+ 32. Kb2 h5 33. h3 h4 34. Ra4 Qa6 35. f4 g4 36. hxg4 Bxg4 37. Rxd5 Bf5 38. Rb4 Qc8 39.
Rb6+ Kh7 40. a6 Bg6 41. a7 Qa8 42. Rb8 1-0

[Event "*** Titled Tuesday Blitz"]
[Site "Chess.com"]
[Date "2021.04.20"]
[Round "6"]
[White "HackingKid98"]
[Black "nikitakhoroshev"]
[Result "0-1"]
[WhiteElo "2465"]
[BlackElo "2626"]
[TimeControl "180+1"]
[EndTime "11:05:41 PDT"]
[Termination "nikitakhoroshev won by checkmate"]

1. d4 Nf6 2. c4 e6 3. g3 Bb4+ 4. Nd2 Nc6 5. Nf3 d5 6. Qc2 O-O 7. Bg2 a5 8. O-O a4 9. a3 Bxd2 10. Bxd2 Ne4 11. Rfd1 Bd7 12. Be1 Na5 13. Bxa5 Rxa5 14. Rac1 c6 15. Ne5 Nd6 16. c5 Nc8 17. e3 f6 18. Nd3 Ne7 19. b4 axb3 20. Qxb3 Bc8 21. Nf4 g5 22. Ne2 Ng6 23. Nc3 h5 24. Na4 Rf7 25. Nb6 f5 26. f3 h4 27. e4 hxg3 28.
hxg3 f4 29. g4 Nh4 30. e5 Bd7 31. Rd2 Be8 32. Bh1 Rh7 33. Rh2 Bg6 34. Rc3 Ra7 35. Qb2 Kf7 36. a4 Ke7 37. Ra3 Qh8 38. a5 Bd3 39.
Rxd3 Rxa5 40. Rdd2 Kd8 41. Rhf2 Rb5 42. Qc2 Kc7 43.
Qc1 Ng6 44. Ra2 Rxh1+ 45. Kg2 Qh3# 0-1

[Event "*** Titled Tuesday Blitz"]
[Site "Chess.com"]
[Date "2021.04.20"]
[Round "6"]
[White "Nils_03"]
[Black "lacafi"]
[Result "0-1"]
[WhiteElo "2392"]
[BlackElo "2230"]
[TimeControl "180+1"]
[EndTime "11:05:41 PDT"]
[Termination "lacafi won by checkmate"]

1. d4 f5 2. Nf3 Nf6 3. Nc3 g6 4. Bf4 Bg7 5. e3 O-O 6. h4 h6 7.
Ne5 Qe8 8. Bc4+ e6 9. h5 g5 10. Bg3 d5 11. Bd3 c6 12. Qe2 Ne4 13. Bxe4 fxe4 14.
O-O-O Nd7 15. Ng6 Rf7 16. f4 exf3 17. gxf3 e5 18. dxe5 Nxe5 19. Bxe5 Bxe5 20. Nxe5 Qxe5 21. Qd3 Bf5 22. e4 dxe4 23. fxe4 Bg4 24. Rdf1 Raf8 25.
Rfg1 Bf3 26. Rh3 Kh8 27. Rhg3 b5 28. a3 a5 29. Kb1 b4 30. axb4 axb4 31. Na2 Bxe4 32.
Qc4 Ra7 33. Re3 Bxc2+ 34. Qxc2 Qxe3 35. Rc1 Rxa2 36. Kxa2 b3+ 37. Qxb3 Ra8+ 38. Qa4 Rxa4+ 39. Kb1 Qd3+ 40. Rc2 Rc4 41. Ka1 Qxc2 42. b4 Rc3 43.
b5 Ra3# 0-1

[Event "*** Titled Tuesday Blitz"]
[Site "Chess.com"]
[Date "2021.04.20"]
[Round "6"]
[White "AlexPapasimakopoulos"]
[Black "korkmaz16"]
[Result "1-0"]
[WhiteElo "2608"]
[BlackElo "2457"]
[TimeControl "180+1"]
[EndTime "11:05:42 PDT"]
[Termination "AlexPapasimakopoulos won by resignation"]

1. d4 d5 2. c4 e5 3. dxe5 d4 4. a3 Nc6 5. e3 Nge7 6. Nf3 Bg4 7. Be2 dxe3 8. Qxd8+ Rxd8 9. Bxe3 Ng6 10. Nc3 Ngxe5 11.
Nxe5 Nxe5 12. f3 Be6 13. b3 Nd3+ 14. Kf1 Bc5 15. Bxc5 Nxc5 16. b4 Nd3 17. c5 Nf4 18.
Kf2 Nxe2 19. Kxe2 Bc4+ 20. Kf2 Rd2+ 21. Kg3 O-O 22. Rhd1 Rc2 23. Rac1 Rxc1 24. Rxc1 Rd8 25. Ne4 Be6 26. Nc3 c6 27. Rd1 Rxd1 28. Nxd1 f6 29.
Kf4 Kf7 30. Nc3 g5+ 31. Ke3 f5 32. g3 Kf6 33. f4 h6 34. Kd4 Kg6 35. Ke5 Bc4 36.
Nd1 b6 37. Ne3 Bd3 38. cxb6 axb6 39. a4 gxf4 40. gxf4 Bc2 41. a5 bxa5 42. bxa5 Bd3 43. Kd4 Bb5 44. Nc4 Kh5 45. Nd6 Bf1 46. Nxf5 Kg4 47.
Ne3+ Kxf4 48. Nxf1 Kf3 49. a6 Kg2 50. a7 1-0

[Event "*** Titled Tuesday Blitz"]
[Site "Chess.com"]
[Date "2021.04.20"]
[Round "6"]
[White "NicoChasin"]
[Black "Anton_Demchenko"]
[Result "1-0"]
[WhiteElo "2704"]
[BlackElo "2892"]
[TimeControl "180+1"]
[EndTime "11:05:43 PDT"]
[Termination "NicoChasin won on time"]

1. e4 c5 2. Nf3 Nc6 3. d4 cxd4 4. Nxd4 Nf6 5. Nc3 d6 6. Be3 Ng4 7. Bg5 h6 8. Bc1 Nf6 9. Be3 Ng4 10. Bc1 Qb6 11.
Bb5 Bd7 12. O-O Qxd4 13. Bxc6 Qxd1 14. Bxd7+ Kxd7 15. Rxd1 e6 16. f4 Kc6 17. h3 Nf6 18. Be3 a6 19. a4 Be7 20. a5 Rac8 21. Ra4 Kc7 22. e5 Ne8 23. Ba7 d5 24. Rad4 g6 25. Rxd5 exd5 26. Nxd5+ Kd7 27. Nb6+ Ke6 28. Nxc8 Ng7 29.
Nxe7 Kxe7 30. Bc5+ Ke6 31. Rd6+ Kf5 32. Rf6+ Ke4 33.
Rxf7 Ne6 34. Bd6 Nxf4 35. Rxb7 Rc8 36. c3 Ne6 37. Rb6 g5 38. Rxa6 h5 39. Rb6 Ra8 40. a6 h4 41. b4 Ke3 42. b5 Ke2 43. Rb8 Ra7 44. Rb7 Ra8 45. a7 Nf4 46. b6 Ke1 47. Rb8 Ne2+ 48. Kh2 Ng3 49. Rxa8 Nf1+ 50. Kg1 Ng3 51.
Rf8 Ne2+ 52. Kh2 1-0

[Event "*** Titled Tuesday Blitz"]
[Site "Chess.com"]
[Date "2021.04.20"]
[Round "6"]
[White "manitodeplomo"]
[Black "Kale36"]
[Result "1-0"]
[WhiteElo "2578"]
[BlackElo "2309"]
[TimeControl "180+1"]
[EndTime "11:05:43 PDT"]
[Termination "manitodeplomo won on time"]

1. d4 d5 2. c4 Nc6 3. Nc3 Nf6 4.
Nf3 e6 5. Bg5 Be7 6. e3 h6 7.
Bh4 O-O 8. Rc1 Ne4 9. Bxe7 Nxe7 10. Bd3 Nxc3 11. Rxc3 c6 12. O-O dxc4 13. Rxc4 b6 14.
Rc1 Bb7 15. Bb1 Rc8 16. Qc2 g6 17. b4 c5 18. dxc5 Bxf3 19. gxf3 Nf5 20. Rfd1 Qg5+ 21. Kf1 bxc5 22. bxc5 Qh5 23. Qe4 Qxh2 24. c6 Rfd8 25. f4 Qh5 26. Ke1 Nh4 27. Bd3 Nf3+ 28. Kf1 Nh2+ 29. Kg2 Ng4 30. Rh1 Qa5 31. Rc2 Qc7 32.
Be2 Nf6 33. Qf3 Kg7 34. Rhc1 Rd6 35. e4 Rd4 36. Rc4 1-0

[Event "*** Titled Tuesday Blitz"]
[Site "Chess.com"]
[Date "2021.04.20"]
[Round "6"]
[White "agartha01"]
[Black "Margency"]
[Result "0-1"]
[WhiteElo "2537"]
[BlackElo "2717"]
[TimeControl "180+1"]
[EndTime "11:05:44 PDT"]
[Termination "Margency won by resignation"]

1. c4 e6 2. Nf3 d5 3. g3 c5 4. Bg2 Nf6 5. O-O Be7 6. cxd5 exd5 7. d4 Nc6 8. Nc3 O-O 9. h3 Re8 10. Be3 c4 11. Ne5 h6 12. f4 Bb4 13. Bf2 Bf5 14. g4 Bxc3 15. bxc3 Be4 16. Bh4 Bxg2 17. Kxg2 Qd6 18. Rb1 b6 19. Qa4 Rac8 20. Bxf6 Qxf6 21. Rbe1 Qe6 22. e4 dxe4 23. Qxc4 Na5 24. Qxe6 Rxe6 25.
Rxe4 f6 26. d5 Ree8 27. d6 Rcd8 28. d7 Rxd7 29. Nxd7 Rxe4 30. Rd1 Rxf4 31. Nb8 Ra4 32. Rd8+ Kh7 33. Rd2 Nc4 34. Re2 Ne5 35. Rd2 Rc4 36.
Nd7 Rxc3 37. Nxe5 fxe5 38. Rd7 Ra3 0-1

[Event "*** Titled Tuesday Blitz"]
[Site "Chess.com"]
[Date "2021.04.20"]
[Round "6"]
[White "elcandado"]
[Black "Deepweb2020"]
[Result "1-0"]
[WhiteElo "2648"]
[BlackElo "2492"]
[TimeControl "180+1"]
[EndTime "11:05:44 PDT"]
[Termination "elcandado won by resignation"]

1. d4 Nf6 2. Bf4 e6 3. e3 c5 4. c3 d5 5. Nd2 Bd6 6. Bg3 Qc7 7. dxc5 Qxc5 8. Ngf3 Nbd7 9. Bd3 O-O 10. e4 dxe4 11. Nxe4 Nxe4 12. Bxe4 Bxg3 13. hxg3 Nf6 14. Qe2 Bd7 15.
Ne5 h6 16. Nxd7 Nxd7 17. Bxb7 Rab8 18. Bf3 Ne5 19. O-O a5 20. Rfd1 a4 21. Rac1 Nc4 22. Rc2 a3 23. b3 Nb2 24. Rd7 Rfd8 25. Rxd8+ Rxd8 26. Rd2 Rc8 27. c4 Qf5 28. Qe4 Qf6 29.
Qd4 Qf5 30. Be4 Qg5 31. Bb1 Qe7 32. Qd6 Qg5 33. Qf4 Qf6 34. Qxf6 gxf6 35. Kf1 Kf8 36. Rd7 Nd1 37. Rxd1 Rc7 38. Ke2 Ra7 39. Ke3 Ke7 40. c5 f5 41. b4 1-0

[Event "*** Titled Tuesday Blitz"]
[Site "Chess.com"]
[Date "2021.04.20"]
[Round "6"]
[White "NoboaKevin1999"]
[Black "rugbyclub"]
[Result "0-1"]
[WhiteElo "2452"]
[BlackElo "2265"]
[TimeControl "180+1"]
[EndTime "11:05:44 PDT"]
[Termination "rugbyclub won on time"]

1. d4 d5 2. c4 e6 3. Nc3 Nf6 4. cxd5 exd5 5. Bg5 Be7 6. e3 c6 7. Bd3 Nbd7 8. Nge2 h6 9. Bh4 O-O 10. O-O Nh5 11. Bxe7 Qxe7 12. Qd2 Nhf6 13. Rae1 Re8 14. Nc1 a5 15. f3 Qd6 16. N1e2 b5 17. e4 dxe4 18.
fxe4 b4 19. e5 bxc3 20. bxc3 Nxe5 21. dxe5 Qxe5 22. Nd4 Qc5 23. Rxe8+ Nxe8 24. Qe2 Nf6 25. Bc4 Bg4 26. Bxf7+ Kh8 27. Qd3 Rd8 28. h3 Bh5 29.
Rxf6 gxf6 30. Bb3 Qg5 31. Qf1 c5 32. Ne6 Qe3+ 33. Kh2 Qe5+ 34. g3 Rd2+ 35. Kg1 Qe3+ 36. Kh1 Bf3+ 0-1

[Event "*** Titled Tuesday Blitz"]
[Site "Chess.com"]
[Date "2021.04.20"]
[Round "6"]
[White "federicosellitti"]
[Black "frenchpin"]
[Result "1-0"]
[WhiteElo "2598"]
[BlackElo "2420"]
[TimeControl "180+1"]
[EndTime "11:05:45 PDT"]
[Termination "federicosellitti won by resignation"]

1. e4 e6 2. b3 d5 3. Bb2 Nc6 4. Nc3 d4 5. Nce2 Nf6 6. Ng3 e5 7. Nf3 h5 8. h4 Bg4 9. Be2 Be7 10. Ng5 d3 11. cxd3 Nb4 12. f3 Nxd3+ 13. Bxd3 Qxd3 14. Qe2 Rd8 15. Qxd3 Rxd3 16. Ke2 Rd6 17. fxg4 Nxg4 18.
Nf5 Rg6 19. Nf3 Bf6 20. Rac1 Kd7 21. Rhd1 Re8 22. Kf1 c6 23. d4 exd4 24. Bxd4 Kc7 25. Bxf6 Rxf6 26. Re1 g6 27. Ne3 Rfe6 28. Ng5 Re5 29.
Nxg4 hxg4 30. Kg1 f6 31. Nh7 R5e6 32. Rf1 Rh8 33. Rxf6 Rxe4 34. Rf7+ Kb6 35. Rc4 Re2 36. Rxg4 Kc5 37. Rg5+ Kb6 38. Rxg6 Re1+ 39. Kh2 Re4 40. g3 Re2+ 41. Kh3 Rxa2 42. Rgg7 Rb8 43. Nf6 Rb2 44. Nd7+ 1-0

[Event "*** Titled Tuesday Blitz"]
[Site "Chess.com"]
[Date "2021.04.20"]
[Round "6"]
[White "IriBu"]
[Black "svilson23"]
[Result "1-0"]
[WhiteElo "2569"]
[BlackElo "2268"]
[TimeControl "180+1"]
[EndTime "11:05:45 PDT"]
[Termination "IriBu won by resignation"]

1. e4 c6 2. d4 d5 3. Nc3 dxe4 4. Nxe4 Nf6 5. Ng3 c5 6. Nf3 e6 7. Bb5+ Bd7 8. Bxd7+ Nbxd7 9. O-O Be7 10. Re1 O-O 11.
c3 Qb6 12. Qe2 h6 13. h3 Rfe8 14. Be3 Bd6 15. Rad1 Nd5 16. dxc5 Bxc5 17. Bxc5 Nxc5 18.
Ne5 Rad8 19. Qf3 Nf6 20. b3 Qc7 21. Rxd8 Rxd8 22. Qe2 Nce4 23. Nxe4 Qxe5 24. Nxf6+ Qxf6 25. c4 Qd4 26. Qf3 b6 27. Re2 Qd1+ 28. Kh2 Rd3 29.
Qa8+ Rd8 30. Qe4 Rd4 31. Qe5 Rd3 32. Re3 Rd2 33. Qb8+ Kh7 34. Rf3 f6 35. Qxa7 Rd6 36.
Qf7 Qb1 37. Rxf6 Rd1 38. Rxe6 Rh1+ 39. Kg3 Qd3+ 40. Re3 Qd6+ 41. Qf4 Qg6+ 42. Kf3 Qh5+ 43. Qg4 Qf7+ 44. Kg3 Qc7+ 45. Qf4 Qc5 46. Qe4+ 1-0

[Event "*** Titled Tuesday Blitz"]
[Site "Chess.com"]
[Date "2021.04.20"]
[Round "6"]
[White "Apocalyps999"]
[Black "stepakyedael"]
[Result "1-0"]
[WhiteElo "2449"]
[BlackElo "2239"]
[TimeControl "180+1"]
[EndTime "11:05:46 PDT"]
[Termination "Apocalyps999 won on time"]

1. e4 Nf6 2. e5 Nd5 3. c4 Nb6 4. c5 Nd5 5. Bc4 e6 6. Nc3 Nxc3 7. dxc3 Bxc5 8. Qg4 Kf8 9. Nf3 Be7 10. Be3 d5 11. O-O-O c6 12. Bd3 Qa5 13. Kb1 Na6 14.
h4 b5 15. h5 h6 16. Nh4 b4 17. c4 b3 18. axb3 Nb4 19. Qf3 Qa2+ 20. Kc1 Qa1+ 21. Bb1 Kg8 22. Ng6 fxg6 23. hxg6 Na2+ 24. Kd2 Qxb2+ 25.
Ke1 Bf6 26. exf6 Qc3+ 27. Kf1 gxf6 28. g7 Kxg7 29. Rxh6 Rxh6 30. Bxh6+ Kxh6 31. Qf4+ Kg7 32. Bxa2 Qc2 33. Rd2 Qc1+ 34. Ke2 Ba6 35. Qc7+ Kg6 36. Qxc6 Rh8 37. Qxe6 Rh1 38. Qg4+ Kf7 39. Rxd5 Qf1+ 40. Kf3 1-0

[Event "*** Titled Tuesday Blitz"]
[Site "Chess.com"]
[Date "2021.04.20"]
[Round "6"]
[White "jacky72"]
[Black "deribas12345"]
[Result "1-0"]
[WhiteElo "2719"]
[BlackElo "2536"]
[TimeControl "180+1"]
[EndTime "11:05:47 PDT"]
[Termination "jacky72 won on time"]

1. d4 Nf6 2. c4 d6 3. Nf3 Bf5 4. Nc3 Ne4 5. Qb3 Qc8 6. Nd5 c6 7. Ne3 Bg6 8. g3 Nd7 9. h4 h6 10. Bh3 e6 11. O-O Be7 12. Ng2 Bf5 13. Bxf5 exf5 14.
Be3 g5 15. Qd3 Rg8 16. h5 Ndf6 17. Nfe1 Nxh5 18. d5 c5 19. Nc2 Nhf6 20. b4 b6 21.
bxc5 bxc5 22. Rab1 Ng4 23. Rb3 Ne5 24. Qd1 Nxc4 25. Bc1 Kf8 26. Nce3 Ne5 27. Bb2 Bf6 28. Qc2 Qd7 29. Rb1 Nxf2 30. Kxf2 f4 31. Nf5 Ng4+ 32. Kg1 fxg3 33. Bxf6 Nxf6 34. Rb8+ Rxb8 35. Rxb8+ Ne8 36. Qe4 Rg6 37. Nge3 c4 38. Nxc4 Rf6 39. Ncxd6 Rxf5 40. Rxe8+ Kg7 41. Nxf5+ Kf6 42. Qe5+ Kg6 43. Ne7+ Kh5 44. Qxg3 1-0

[Event "*** Titled Tuesday Blitz"]
[Site "Chess.com"]
[Date "2021.04.20"]
[Round "6"]
[White "superchess02"]
[Black "Harry_Rakkel"]
[Result "1-0"]
[WhiteElo "2739"]
[BlackElo "2602"]
[TimeControl "180+1"]
[EndTime "11:05:49 PDT"]
[Termination "superchess02 won on time"]

1. c4 Nf6 2. Nf3 b6 3. g3 Bb7 4. Bg2 c5 5. O-O g6 6. b4 Bg7 7. Bb2 cxb4 8. a3 bxa3 9. Nxa3 O-O 10. d3 d6 11. Nb5 a6 12. Nc3 Nbd7 13. Ra3 e6 14.
Qa1 Qe7 15. Rb1 Rfb8 16. Nd2 Bxg2 17. Kxg2 Ne5 18. Nce4 Nxe4 19. Nxe4 f5 20. Nd2 a5 21. Rb3 Nd7 22. Rb5 Rf8 23. Nf3 e5 24. Qa2 Kh8 25. Rd5 Rac8 26. Qa4 Nc5 27. Qb5 Rb8 28. Nd2 Rfd8 29.
Ba3 Ne6 30. Nf3 Nc7 31. Qc6 Nxd5 32. Qxd5 Qb7 33. Qe6 Qd7 34. Qd5 h6 35. Rb5 Kh7 36.
Bc1 Qb7 37. Qe6 a4 38. e4 fxe4 39. Nh4 exd3+ 40. f3 Rf8 41. Qxg6+ Kh8 42. Qxd3 Rf6 43. Be3 Qf7 44. Bxb6 e4 45. fxe4 Qb7 46. Bd4 1-0

[Event "*** Titled Tuesday Blitz"]
[Site "Chess.com"]
[Date "2021.04.20"]
[Round "6"]
[White "sara_khm"]
[Black "BahadirOzen"]
[Result "1-0"]
[WhiteElo "2540"]
[BlackElo "2684"]
[TimeControl "180+1"]
[EndTime "11:05:49 PDT"]
[Termination "sara_khm won on time"]

1. d4 d6 2. c4 e5 3. Nf3 Nd7 4. g3 g6 5. Bg2 Bg7 6. Nc3 Nh6 7. O-O O-O 8. dxe5 dxe5 9. Qc2 f6 10.
Rd1 Nf7 11. b3 f5 12. e4 f4 13. Ba3 Re8 14. Rd2 c6 15. Rad1 Qa5 16. Qb2 Nf8 17. b4 Qc7 18. b5 g5 19. Ne1 g4 20.
Nd3 Ng6 21. f3 gxf3 22. Bxf3 Ng5 23. Bg2 Bg4 24. Re1 f3 25. Bf1 h5 26. Nf2 Rad8 27. Red1 Bf8 28. Bxf8 Rxf8 29. c5 Kh7 30. Rd6 Nf7 31. Rxd8 Rxd8 32. Rxd8 Nxd8 33. h3 Bc8 34. Qd2 Ne6 35. Qe3 Nd4 36. Qg5 h4 37. gxh4 Qe7 38. Qxe7+ Nxe7 39. bxc6 bxc6 40. Ng4 Bxg4 41. hxg4 Ng6 42.
h5 Nf4 43. Kf2 Kh6 44. Nb1 Kg5 45. Nd2 Kxg4 46. h6 Ng6 47. h7 Kh5 48. Nc4 Kh6 49.
Nxe5 1-0

[Event "*** Titled Tuesday Blitz"]
[Site "Chess.com"]
[Date "2021.04.20"]
[Round "6"]
[White "noblerone"]
[Black "zubridis"]
[Result "0-1"]
[WhiteElo "2395"]
[BlackElo "2532"]
[TimeControl "180+1"]
[EndTime "11:05:49 PDT"]
[Termination "zubridis won by resignation"]

1. d4 Nf6 2. Nf3 g6 3. Bg5 Bg7 4. Nbd2 O-O 5. e3 d6 6. Bc4 Nbd7 7. O-O e5 8. c3 Qe8 9. dxe5 dxe5 10. e4 b6 11. Re1 Bb7 12. b4 h6 13. Bh4 Nh5 14. a4 a6 15. Qb3 Kh7 16. Rad1 Nf4 17. Nf1 Nf6 18. Bxf6 Bxf6 19. g3 b5 20. axb5 axb5 21.
Bd5 Nxd5 22. exd5 Qe7 23. Ne3 Bg7 24. h4 e4 25. Nd4 Qd7 26. Nc6 Bxc6 27. dxc6 Qxc6 28.
Nd5 Rfe8 29. Re3 h5 30. Nf4 Re7 31. Rde1 Bh6 32. Qd5 Qxd5 33. Nxd5 Re5 34. Nxc7 Rc8 35. Na6 Bxe3 36. Rxe3 f5 37. Nc5 Rd5 38. Re2 Ra8 39. Kg2 Ra1 40. f3 e3 41. f4 Rd3 42. Kf3 Rxc3 43. Rxe3 Raa3 44. Rxc3 Rxc3+ 0-1

[Event "*** Titled Tuesday Blitz"]
[Site "Chess.com"]
[Date "2021.04.20"]
[Round "6"]
[White "Rodalquilar"]
[Black "Sibelephant"]
[Result "0-1"]
[WhiteElo "2734"]
[BlackElo "3099"]
[TimeControl "180+1"]
[EndTime "11:05:50 PDT"]
[Termination "Sibelephant won on time"]

1. d4 Nf6 2. Bf4 d5 3. e3 e6 4. Nf3 Bd6 5. Bg3 c5 6. Bb5+ Nc6 7. Nbd2 Bxg3 8. hxg3 Qb6 9. a4 Bd7 10. c3 Ne7 11. Bxd7+ Nxd7 12. Qc2 h6 13. e4 Rc8 14.
a5 Qa6 15. exd5 Nxd5 16. Ne4 cxd4 17. Nxd4 f5 18. Ng5 Nc5 19. Qe2 Qxe2+ 20. Kxe2 Ke7 21. Ngf3 Kf6 22. Rhd1 Rhd8 23. Nd2 e5 24. N4b3 Ne6 25.
Nf3 f4 26. gxf4 Ndxf4+ 27. Kf1 g5 28. g3 Nd3 29. Rd2 g4 30. Ne1 Ndc5 31. Rxd8 Rxd8 32.
Nxc5 Nxc5 33. Ke2 h5 34. b4 Ne4 35. Rc1 Kf5 36. Ng2 Ke6 0-1

[Event "*** Titled Tuesday Blitz"]
[Site "Chess.com"]
[Date "2021.04.20"]
[Round "6"]
[White "kingofthenil"]
[Black "Enriquack"]
[Result "1-0"]
[WhiteElo "2632"]
[BlackElo "2466"]
[TimeControl "180+1"]
[EndTime "11:05:51 PDT"]
[Termination "kingofthenil won by resignation"]

1. e3 g6 2. Ke2 Bg7 3. Ke1 Kf8 4. d4 Ke8 5. Nf3 Nf6 6. c4 c5 7. d5 d6 8. Nc3 Nbd7 9. e4 a6 10. Bd3 Kf8 11. h3 Kg8 12. Bf4 Nf8 13. e5 dxe5 14.
Nxe5 e6 15. Qf3 exd5 16. cxd5 b5 17. d6 Be6 18. Nc6 N8d7 19. Nxd8 Rxd8 20. Rd1 Nb6 21. Ne4 Nfd7 22. Bg5 Re8 23. Kf1 f5 24. Nc3 b4 25.
Ne2 Bd5 26. Qg3 Bxa2 27. Nf4 Kf7 28. b3 Bxb3 29. Rb1 c4 30. Rxb3 cxb3 31. Bxf5 Nc5 32. Qf3 gxf5 33. Qh5+ Kf8 34. Be7+ Rxe7 35. dxe7+ Kxe7 36. Qxf5 b2 37. Qxc5+ Kd7 38. Qxb4 Nc4 39. g3 Na3 40.
Qb7+ Kd6 41. Kg2 Rg8 42. Qxa6+ 1-0